 Dungeon Crawl Stone Soup version 0.28-a0-1638-g9123634e07 (webtiles) character file.

Game seed: 15035772403751863212

14 hashsling the Grasshopper (level 2, -8/21 HPs)
             Began as a Human Wanderer on Jan 25, 2022.
             Mangled by a worm (9 damage)
             ... on level 2 of the Dungeon.
             The game lasted 00:02:52 (1638 turns).

hashsling the Grasshopper (Human Wanderer)          Turns: 1638, Time: 00:02:53

Health: -8/21      AC:  3    Str:  9    XL:     2   Next: 60%
Magic:  4/4        EV: 12    Int: 15    God:
Gold:   51         SH:  0    Dex: 12    Spells: 2/3 levels left

rFire   . . .      SeeInvis .   a - +0 dagger
rCold   . . .      Faith    .   (no shield)
rNeg    . . .      Spirit   .   b - +0 robe
rPois   .          Reflect  .   (no helmet)
rElec   .          Harm     .   c - +0 cloak
rCorr   .          Rampage  .   (no gloves)
Will    .....                   (no boots)
Stlth   ++........              (no amulet)
HPRegen 0.07/turn               (no ring)
MPRegen 0.09/turn               (no ring)

@: no status effects
A: no striking features
a: no special abilities


You were on level 2 of the Dungeon.
You visited 1 branch of the dungeon, and saw 2 of its levels.

You collected 51 gold pieces.

Inventory:

Hand Weapons
 a - a +0 dagger (weapon)
Armour
 b - a +0 robe (worn)
 c - a +0 cloak (worn)
Scrolls
 d - a scroll of blinking {unknown}
 e - a scroll of holy word {unknown}


   Skills:
 + Level 1.5 Fighting
 + Level 1.5 Dodging
 - Level 1.0 Stealth
 + Level 1.4 Spellcasting
 - Level 3.0 Hexes
 - Level 3.0 Translocations


You had 2 spell levels left.
You knew the following spells:

 Your Spells              Type           Power      Damage    Failure   Level
a - Slow                  Hex            40%        N/A       7%          1

Your spell library contained the following spells:

 Spells                   Type           Power      Damage    Failure   Level
 Apportation              Tloc           20%        N/A       7%          1
 Teleport Other           Tloc           10%        N/A       21%         3
 Anguish                  Hex/Necr       2%         N/A       77%         4
 Fulminant Prism          Conj/Hex       2%         3d6       77%         4


Dungeon Overview and Level Annotations

Branches:
Dungeon (2/15)

Altars:

Shops:
D:1 (((


Message History

The worm seems to slow down.
You completely miss the worm. The worm bites you.
You are too injured to fight recklessly!
You are too injured to fight recklessly!
You are too injured to fight recklessly!
You are too injured to fight recklessly!
You hit the worm.
The worm is lightly wounded.
You hit the worm.
The worm is moderately wounded.
You hit the worm.
The worm is moderately wounded.
The worm closely misses you.
You hit the worm but do no damage.
The worm is moderately wounded.
You hit the worm but do no damage.
The worm is moderately wounded.
The worm bites you!
* * * LOW HITPOINT WARNING * * *
You barely miss the worm.
The worm is lightly wounded.
You hit the worm.
The worm is moderately wounded.
You hit the worm.
The worm is heavily wounded.
The worm bites you.
* * * LOW HITPOINT WARNING * * *
You hit the worm.
The worm is heavily wounded.
You hit the worm.
The worm is severely wounded.
The worm closely misses you.
You hit the worm.
The worm is severely wounded.
You hit the worm. Your punch misses the worm.
The worm is almost dead.
You barely miss the worm.
The worm is almost dead.
The worm is no longer moving slowly.
The worm bites you!
You die...

#.# #. #.# ... #.# #.#
.g. #.# #<# #..
#.######.## #...
#........[#
##...##.######..########
........######.........#
)........w@...#.######.#
##..##.#####.#.# #.#
#.#.# #.# #.#.. #.#
#.#.# #.# #.... ...
..... #.# #.. #.#


You could see a worm.

Vanquished Creatures
  3 bats
  An endoplasm (D:1)
  2 giant cockroaches (D:1)
  2 hobgoblins (D:1)
  2 kobolds (D:1)
  A goblin (D:1)
  2 rats (D:1)
13 creatures vanquished.

Notes
Turn   | Place    | Note
-------+----------+-------------------------------------------
     0 | D:1      | hashsling the Human Wanderer began the quest for the Orb.
     0 | D:1      | hashsling set off with the following items: a +0 dagger, a
                  | +0 robe, a +0 cloak; and the following spells available to
                  | memorise: Apportation, Slow, Teleport Other, Anguish,
                  | Fulminant Prism
     0 | D:1      | Reached XP level 1. HP: 15/15 MP: 2/2
     2 | D:1      | Learned a level 1 spell: Slow
   178 | D:1      | Found a faded altar of an unknown god.
   374 | D:1      | Found Istroxid's Antique Weapon Shop.
   421 | D:1      | Reached XP level 2. HP: 15/21 MP: 3/3
   530 | D:1      | Found Medaun's Weapon Shop.
   773 | D:1      | Found Vanyol's Antique Weapon Emporium.
  1633 | D:2      | HP: 1/21 [worm (1)]
  1638 | D:2      | Mangled by a worm

Illustrated notes

Levels and vault maps discovered:
D:1:      onia_arrival_mini_maze, layout_basic, serial_shops, shop, shop_statue,
          shop_fountains, shapermc_ecumenical_altar_mp_highgroup,
          minmay_misc_feat_room, minmay_misc_feat_chi
D:2:      layout_loops_ring

Action                   || total
-------------------------++-------
Melee: Dagger            ||   127
       Punch             ||     2
 Cast: Slow              ||    13
 Stab: Sleeping          ||     1
Armor: Robe              ||    30
Dodge: Dodged            ||    70

Table legend: (Time is in decaauts)
 A = Elapsed time spent in this place.
 B = Non-inter-level travel time spent in this place.
 C = Inter-level travel time spent in this place.
 D = Time resting spent in this place.
 E = Time spent auto-exploring this place.
 F = Levels seen in this place.
 G = Mean time per level.
                   A        B        C        D        E       F      G
               +--------+--------+--------+--------+--------+-----+--------+
         Total |   1637 |   1595 |     42 |      0 |   1366 |   2 |  818.5 |
       Dungeon |   1637 |   1595 |     42 |      0 |   1366 |   2 |  818.5 |
               +--------+--------+--------+--------+--------+-----+--------+

Top non-repeatable levels by time:
     D:1: 1596 daAuts
     D:2: 41 daAuts
